 Dungeon Crawl Stone Soup version 0.29.0-4-gdea44cf6ec (webtiles) character file.

Game seed: 1578449596268190453

219 gelatine the Chopper (level 5, -5/41 HPs)
             Began as a Demonspawn Gladiator on Aug 26, 2022.
             Was a Believer of Wu Jian.
             Slain by a hell rat (17 damage)
             ... in a sewer.
             The game lasted 00:11:24 (4781 turns).

gelatine the Chopper (Demonspawn Gladiator)         Turns: 4781, Time: 00:11:24

Health: -5/41      AC:  7    Str: 16    XL:     5   Next: 63%
Magic:  5/5        EV: 15    Int: 10    God:    Wu Jian [**....]
Gold:   164        SH:  0    Dex: 14    Spells: 4/4 levels left

rFire   + . .      SeeInvis .   a - +0 war axe
rCold   . . .      Faith    .   (no shield)
rNeg    . . .      Spirit   .   o - +2 leather armour {rF+}
rPois   .          Reflect  .   c - +0 helmet
rElec   .          Harm     .   y - +0 cloak {Stlth+}
rCorr   .          Rampage  .   (no gloves)
Will    +....                   (no boots)
Stlth   +.........              (no amulet)
HPRegen 0.13/turn               g - ring of willpower
MPRegen 0.09/turn               (no ring)

@: very slow
A: repulsion field 2, foul stench 1
a: Renounce Religion, Wall Jump


You were in a sewer.
You worshipped Wu Jian.
Wu Jian was pleased with you.
You visited 1 branch of the dungeon, and saw 4 of its levels.
You also visited: Sewer.

You collected 164 gold pieces.

Inventory:

Hand Weapons
 a - a +0 war axe (weapon)
Missiles
 d - 3 throwing nets
 e - a javelin
 k - 6 boomerangs (quivered)
 A - 4 poisoned darts
Armour
 c - a +0 helmet (worn)
 f - a scarf of invisibility
 o - a +2 leather armour of fire resistance (worn)
 y - a +0 cloak of stealth (worn)
Magical Staves
 u - a staff of cold
Jewellery
 g - a ring of willpower (left hand)
Wands
 p - a wand of paralysis (11)
Scrolls
 b - a scroll of immolation {unknown}
 h - 3 scrolls of amnesia
 j - a scroll of noise
 n - a scroll of poison {unknown}
 s - a scroll of vulnerability {unknown}
 t - a scroll of teleportation
Potions
 i - 2 potions of lignification {unknown}
 l - 2 potions of haste {unknown}
 m - a potion of resistance {unknown}
 q - a potion of curing {unknown}
 r - a potion of degeneration {unknown}
 v - a potion of flight {unknown}
 w - a potion of mutation {unknown}
 x - a potion of cancellation {unknown}
 z - a potion of might {unknown}
 B - a potion of heal wounds {unknown}


   Skills:
 * Level 3.1 Fighting
 + Level 4.3 Axes
 + Level 2.1 Throwing
 + Level 1.3 Armour
 + Level 3.3 Dodging
 + Level 1.0 Stealth


You had 4 spell levels left.
You didn't know any spells.
Your spell library contained the following spells:

 Spells                   Type           Power      Damage    Failure   Level
 Freeze                   Ice            0%         1d3       43%         1
 Necrotise                Necr           0%         1d4       43%         1
 Scorch                   Fire           0%         2d5       56%         2
 Frozen Ramparts          Ice            0%         1d1       80%         3
 Vampiric Draining        Necr           0%         2d6       80%         3
 Flame Wave               Conj/Fire      0%         2d4       99%         4
 Hailstorm                Conj/Ice       0%         3d3       99%         4
 Agony                    Necr           0%         N/A       100%        5
 Summon Cactus Giant      Summ           0%         N/A       100%        6


Dungeon Overview and Level Annotations

Branches:
Dungeon (4/15)              Sewer (1/1)
 Temple: D:4-7

Altars:
Wu Jian

Shops:
D:1 :


Innate Abilities, Weirdness & Mutations

You are surrounded by a moderate repulsion field. (EV +3)
You may rarely emit foul miasma when damaged in melee.


Message History

You enter the shallow water.
Moving in this stuff is going to be slow.
You enter the shallow water.
Moving in this stuff is going to be slow.
You enter the shallow water.
Moving in this stuff is going to be slow.
You see here a river rat corpse.
You open the door.
A hell rat comes into view.
Found four items.
Found a gate leading back out of this place.
Found three items.
There is an open door here.
The hell rat roars deafeningly!
There is an open door here.
You enter the shallow water.
Moving in this stuff is going to be slow.
You lunge at the hell rat.
Your unstable footing causes you to fumble your attack.
The hell rat misses you.
You hit the hell rat.
The hell rat is lightly wounded.
The hell rat barely misses you. The hell rat closely misses you.
You hit the hell rat but do no damage.
The hell rat is lightly wounded.
The hell rat closely misses you.
Your unstable footing causes you to fumble your attack.
The hell rat splashes around in the water. x2
You hit the hell rat but do no damage.
The hell rat is lightly wounded.
The hell rat bites you!
You hit the hell rat but do no damage.
The hell rat is lightly wounded.
The hell rat splashes around in the water.
The hell rat bites you!
* * * LOW HITPOINT WARNING * * *
You hit the hell rat but do no damage.
The hell rat is lightly wounded.
The hell rat bites you!
You die...

###..~###
#~~~.~~.#
##..~.~.~##
#.~.###~~~#
##~.##.##~.##
#~~~#~..#~~~#
#~÷##~.?##~~#
#~~#~~~?[#~.#
#~~'@r~!∩#∩∩#
#~.#.~~??#~.#
#~~##~~?##~.#
#...#~~.#~~.#
##..##.##~.##
#~.~###~~~#
##.÷~~.~.##
#.~†..~.#
###~.~###


You could see a hell rat.

Vanquished Creatures
  A scorpion (D:4)
  An orc priest (D:3)
  3 adders
  A river rat (Sewer)
  6 worms
  3 dart slugs
  2 orcs (D:3)
  6 ball pythons
  12 endoplasms
  3 giant cockroaches (D:2)
  4 goblins
  3 hobgoblins
  4 jackals (D:1)
  3 quokkas
  5 bats
  3 frilled lizards
  5 kobolds
  7 rats
72 creatures vanquished.

Notes
Turn   | Place    | Note
-------+----------+-------------------------------------------
     0 | D:1      | gelatine the Demonspawn Gladiator began the quest for the
                  | Orb.
     0 | D:1      | Reached XP level 1. HP: 16/16 MP: 1/1
    64 | D:1      | Found Vyxiod's Book Emporium.
   559 | D:1      | Gained mutation: You are surrounded by a mild repulsion
                  | field. (EV +2) [demonic ancestry]
   559 | D:1      | Reached XP level 2. HP: 20/22 MP: 2/2
   657 | D:1      | Reached skill level 3 in Axes
   690 | D:1      | Found a faded altar of an unknown god.
   705 | D:1      | Prayed at the altar of an unknown god.
   705 | D:1      | Became a worshipper of the Wu Jian Council
   705 | D:1      | Reached * piety under Wu Jian
  1180 | D:2      | Reached XP level 3. HP: 19/27 MP: 3/3
  2066 | D:2      | Gained mutation: You are surrounded by a moderate repulsion
                  | field. (EV +3) [demonic ancestry]
  2066 | D:2      | Reached XP level 4. HP: 31/33 MP: 4/4
  2462 | D:2      | Reached ** piety under Wu Jian
  3041 | D:3      | Reached skill level 1 in Armour
  3511 | D:3      | Reached skill level 4 in Axes
  3511 | D:3      | Gained mutation: You may rarely emit foul miasma when
                  | damaged in melee. [demonic ancestry]
  3511 | D:3      | Reached XP level 5. HP: 12/39 MP: 5/5
  4509 | D:4      | Found a glowing drain.
  4518 | Sewer    | Entered a sewer
  4557 | Sewer    | Reached skill level 1 in Stealth
  4781 | Sewer    | Slain by a hell rat

Illustrated notes

Levels and vault maps discovered:
D:1:      minmay_arrival_four_houses, layout_basic, serial_shops,
          nicolae_shop_stone, ebering_ecumenical_altar_mist, minmay_3d_cube
D:2:      wad_river_or_something, layout_basic, minmay_indecisive_spiral
D:3:      layout_loops_ring, dreamdust_princess_corridor,
          kennysheep_generic_room_12
D:4:      layout_basic, minmay_temple_entry_oklob,
          cheibrodos_sewer_entry_sluice, uniq_grinder
Sewer:    sewer_hellmonk_bad_rat

Skill      XL: |  1  2  3  4  5 |
---------------+----------------+-----
Throwing       | 2 |  2.1
Dodging        | 3 |  3.3
Axes           | 3 4 |  4.3
Armour         | 1 |  1.3
Fighting       | 3 |  3.1
Stealth        | 1 |  1.0

Action                   |  1- 3 |  4- 6 || total
-------------------------+-------+-------++-------
Melee: War axe           |   105 |   138 ||   243
       Punch             |     1 |       ||     1
Throw: Boomerang         |     6 |       ||     6
Invok: Lunge             |     3 |    14 ||    17
       Whirlwind         |     2 |     4 ||     6
  Use: Scroll            |     3 |       ||     3
 Stab: Sleeping          |     2 |     2 ||     4
Armor: Leather armour    |    40 |    33 ||    73
Dodge: Dodged            |    90 |    71 ||   161
